 Dungeon Crawl Stone Soup version 0.27.0-1-g7a089689b8 (webtiles) character file.

Game seed: 17991729864292913474

140 Tutankhamun the Cutter (level 5, -2/30 HPs)
             Began as a Kobold Brigand on Aug 15, 2021.
             Slain by a black bear (4 damage)
             ... on level 4 of the Dungeon.
             The game lasted 00:04:00 (4152 turns).

Tutankhamun the Cutter (Kobold Brigand)             Turns: 4152, Time: 00:04:00

Health: -2/30      AC:  4    Str: 14    XL:     5   Next: 47%
Magic:  5/5        EV: 35    Int: 12    God:
Gold:   77         SH:  0    Dex: 18    Spells: 4/4 levels left

rFire    . . .     SeeInvis .   a - +2 dagger
rCold    . . .     Faith    .   (shield restricted)
rNeg     . . .     Spirit   .   b - +0 robe
rPois    .         Reflect  .   r - +0 helmet
rElec    .         Harm     .   c - +0 cloak
rCorr    .         Rampage  .   (no gloves)
Will     .....                  (no boots)
Stlth    ++++......             n - amulet of the acrobat
HPRegen  0.10/turn              o - +4 ring of evasion
MPRegen  0.09/turn              u - +6 ring of strength

@: acrobatic
A: small, no large weapons, nightstalker 3
a: no special abilities


You were on level 4 of the Dungeon.
You visited 1 branch of the dungeon, and saw 4 of its levels.

You collected 77 gold pieces.

Inventory:

Hand Weapons
 a - a +2 dagger (weapon)
Missiles
 d - 22 poisoned darts (quivered)
 e - 2 curare-tipped darts
 j - 44 bolts
Armour
 b - a +0 robe (worn)
 c - a +0 cloak (worn)
 r - a +0 helmet (worn)
Jewellery
 n - an amulet of the acrobat (around neck)
 o - a +4 ring of evasion (left hand)
 u - a +6 ring of strength (right hand)
Scrolls
 f - a scroll of identify {unknown}
 g - a scroll of enchant armour {unknown}
 h - a scroll of enchant weapon {unknown}
 i - a scroll of vulnerability {unknown}
 k - a scroll of fear {unknown}
 m - a scroll of acquirement {unknown}
 p - a scroll of holy word {unknown}
 t - 2 scrolls of teleportation {unknown}
Potions
 l - a potion of flight {unknown}
 q - a potion of might {unknown}
 s - a potion of haste {unknown}


   Skills:
 - Level 2.1 Fighting
 * Level 5.4 Short Blades
 - Level 2.1 Throwing
 * Level 4.0 Dodging
 - Level 5.3 Stealth


You had 4 spell levels left.
You didn't know any spells.
Your spell library was empty.

Dungeon Overview and Level Annotations

Branches:
Dungeon (4/15)
 Temple: D:4-7

Altars:
Elyvilon

Shops:
D:2 (   D:4 ?


Innate Abilities, Weirdness & Mutations

You are small and have problems with some larger weapons.
You are completely attuned to the shadows.


Message History

The black bear is severely wounded.
The black bear barely misses you. The black bear completely misses you.
The black bear barely misses you.
You barely miss the black bear.
The black bear is severely wounded.
You hit the black bear.
The black bear is almost dead.
The black bear goes berserk!
You hit the black bear.
The black bear is almost dead.
The black bear closely misses you. The black bear barely misses you.
The black bear completely misses you.
You barely miss the black bear.
The black bear is almost dead.
The black bear closely misses you.
The black bear claws you but does no damage.
The black bear misses you. The black bear bites you! The black bear claws you.
The black bear completely misses you.
You are too injured to fight recklessly!
You are too injured to fight recklessly!
You are too injured to fight recklessly!
The black bear closely misses you. The black bear claws you.
The black bear closely misses you.
The black bear rages.
The black bear completely misses you. The black bear barely misses you.
The black bear claws you.
The black bear completely misses you. x3
Throw: 23 darts (poison)
Press: ? - help, Q - select action, (/) - cycle Shift-Dir - straight line, f/p - black bear
Aim: a black bear (almost dead, berserk, poisoned, 70% to hit)
You throw a poisoned dart.
The poisoned dart barely misses the black bear.
The black bear bites you!
* * * LOW HITPOINT WARNING * * *
The black bear barely misses you. The black bear closely misses you.
Throw: 22 darts (poison)
Press: ? - help, Q - select action, (/) - cycle Shift-Dir - straight line, p - black bear
Okay, then.
The black bear completely misses you. x2; The black bear claws you.
You die...

#.....#..##..###
###......#.....#
##..........##
##.........#
#####.......###
#.†......(.##
#.<.......##
##........###
#.##@...##.###
#..#.h.......#### #
##...............#####
...(....#............#.
##.....##..............
#.........(......#....
#......#.#............
#.....####............
.....# #.............


You could see a black bear (berserk, poisoned).

Vanquished Creatures
  2 adders (D:3)
  A howler monkey skeleton (D:4)
  An ufetubus (D:3)
  3 worms
  A dart slug (D:1)
  11 orcs (D:3)
  6 endoplasms
  7 giant cockroaches
  2 goblins
  7 hobgoblins
  9 jackals
  6 quokkas
  2 ball pythons
  5 bats
  2 frilled lizards
  7 kobolds
  4 rats
76 creatures vanquished.

Notes
Turn   | Place    | Note
-------+----------+-------------------------------------------
     0 | D:1      | Tutankhamun the Kobold Brigand began the quest for the Orb.
     0 | D:1      | Reached XP level 1. HP: 12/12 MP: 1/1
   303 | D:1      | Reached XP level 2. HP: 17/17 MP: 2/2
   629 | D:1      | Found a faded altar of an unknown god.
   636 | D:1      | Reached XP level 3. HP: 21/21 MP: 3/3
  1399 | D:2      | Found Orehazaw's Weapon Boutique.
  1569 | D:2      | Reached XP level 4. HP: 26/26 MP: 4/4
  1766 | D:2      | Found a white marble altar of Elyvilon.
  2969 | D:3      | Reached XP level 5. HP: 30/30 MP: 5/5
  2984 | D:3      | Reached skill level 5 in Short Blades
  3958 | D:4      | Noticed a black bear
  3982 | D:4      | Found Comine's Magic Scroll Shoppe.
  4152 | D:4      | Slain by a black bear

Illustrated notes

Levels and vault maps discovered:
D:1:      saegor_arrival_miasma, layout_basic,
          shapermc_ecumenical_altar_acropolis
D:2:      layout_loops_ring, basic_altar, serial_shops, nicolae_square_shop,
          fountainhead
D:3:      layout_loops_corners
D:4:      layout_cave_pools, mainiacjoe_overflow_boulevard, lemuel_doored_altar,
          serial_shops, shop, shop, kennysheep_flooded_box, due_unseen_surprise

Skill      XL: |  1  2  3  4  5 |
---------------+----------------+-----
Short Blades   | 3 4 5 |  5.4
Dodging        | 2 3 4 |  4.0
Fighting       | |  2.1
Throwing       | |  2.1
Stealth        | |  5.3

Action                   |  1- 3 |  4- 6 || total
-------------------------+-------+-------++-------
Melee: Dagger            |    69 |   171 ||   240
Throw: Dart              |     5 |     7 ||    12
 Stab: Sleeping          |    25 |    18 ||    43
       Distracted        |     1 |       ||     1
Armor: Robe              |     5 |    18 ||    23
Dodge: Dodged            |    46 |   194 ||   240
